 Dungeon Crawl Stone Soup version 0.30-a0-847-g17996783a1 (webtiles) character file.

Game seed: 2966348492324243316

1157 Pimp the Covered (level 8, -5/72 HPs)
             Began as an Armataur Fighter on Mar 3, 2023.
             Was a Follower of Okawaru.
             Slain by Prince Ribbit (11 damage)
             ... on level 5 of the Dungeon.
             The game lasted 00:08:01 (5489 turns).

Pimp the Covered (Armataur Fighter)                 Turns: 5489, Time: 00:08:02

Health: -5/72      AC: 12    Str: 21 (25) XL:     8   Next: 16%
Magic:  8/8        EV:  7    Int:  6 (8)  God:    Okawaru [*.....]
Gold:   353        SH:  4    Dex:  7 (9)  Spells: 7/7 levels left

rFire   . . .      SeeInvis .    a - +0 war axe
rCold   . . .      Faith    .    c - +0 buckler
rNeg    . . .      Spirit   .    b - +0 scale mail
rPois   +          Reflect  .    p - +1 helmet
rElec   .          Roll     +    v - scarf {repulsion}
rCorr   .                        m - +1 pair of gloves
Will    +....                    (no barding) Stlth
                                 (no amulet)
HPRegen 0.32/turn                t - ring of willpower
MPRegen 0.11/turn                u - ring of poison resistance

@: mighty, repel missiles
A: large, rugged brown scales 3, deformed body, armoured tail, roll, long
tongue, awkward tongue
a: Renounce Religion, Heroism


You were on level 5 of the Dungeon.
You worshipped Okawaru.
Okawaru was aware of your devotion.
You visited 2 branches of the dungeon, and saw 7 of its levels.

You collected 353 gold pieces.

Inventory:

Hand Weapons
 a - a +0 war axe (weapon)
Armour
 b - a +0 scale mail (worn)
 c - a +0 buckler (worn)
 m - a +1 pair of gloves (worn)
 n - a +0 helmet
 p - a +1 helmet (worn)
 v - a scarf of repulsion (worn)
Jewellery
 k - a ring of protection from cold
 t - a ring of willpower (left hand)
 u - a ring of poison resistance (right hand)
Wands
 h - a wand of quicksilver (8)
 j - a wand of mindburst (10)
Scrolls
 e - a scroll of identify
 g - a scroll of poison
 i - a scroll of blinking {unknown}
 o - a scroll of torment {unknown}
 q - a scroll of immolation {unknown}
 s - a scroll of teleportation
 x - a scroll of acquirement {unknown}
Potions
 d - a potion of might
 l - 2 potions of flight {unknown}
 r - a potion of resistance
 w - a potion of attraction {unknown}


   Skills:
 + Level 5.1 Fighting
 + Level 4.2 Axes
 + Level 6.8 Armour
 + Level 6.2 Shields


You had 7 spell levels left.
You didn't know any spells.
Your spell library contained the following spells:

 Spells                   Type           Power      Damage    Failure   Level
 Passage of Golubria      Tloc           0%         N/A       100%        4
 Yara's Violent Unravell  Hex/Tmut       0%         3d3       100%        5
 Tukima's Dance           Hex            Unusable   N/A       N/A         3

Dungeon Overview and Level Annotations

Branches:
Dungeon (6/15)             Temple (1/1) D:4

Altars:
Ashenzari
Dithmenos
Gozag
Makhleb
Nemelex Xobeh
Okawaru
Qazlal
Ru
Sif Muna
Uskayaw
Xom
Yredelemnul
Zin
The Shining One

Shops:
D:4 :

Annotations:
D:5 Prince Ribbit


Innate Abilities, Weirdness & Mutations

You are completely covered in rugged brown scales. (AC +3, +7% HP)
Armour fits poorly on your strangely shaped body.
You have a long armoured tail.
You roll when moving toward enemies. (Rampage)
Your long tongue fully drains potion bottles. (2x potion effects)
Your tongue gives you trouble enunciating. (1.5x scroll delay)


Message History

Prince Ribbit hits you.
You barely miss Prince Ribbit.
Prince Ribbit lets out a mournful croak.
Prince Ribbit hits you but does no damage. x2
You miss Prince Ribbit. Prince Ribbit hits you!
You block Prince Ribbit's attack.
You slash Prince Ribbit!
Prince Ribbit is moderately wounded.
Prince Ribbit hits you!
You hit Prince Ribbit.
Prince Ribbit is heavily wounded.
Prince Ribbit hits you but does no damage.
Prince Ribbit barely misses you.
You hit Prince Ribbit but do no damage.
Your tail-slap misses Prince Ribbit.
Prince Ribbit is heavily wounded.
Prince Ribbit hits you but does no damage.
Prince Ribbit closely misses you.
You barely miss Prince Ribbit.
Your tail-slap misses Prince Ribbit.
Prince Ribbit is heavily wounded.
Prince Ribbit hits you but does no damage.
Prince Ribbit hits you!
You closely miss Prince Ribbit.
Prince Ribbit is heavily wounded.
Prince Ribbit hits you.
Prince Ribbit lets out a mournful croak.
Prince Ribbit blinks!
As you slowly read the scroll labelled PEUGGOUR YXAWIM, it crumbles to dust.
You feel momentarily disoriented.
It was a scroll of magic mapping.
You slash Prince Ribbit!
Prince Ribbit is severely wounded.
You block Prince Ribbit's attack. Prince Ribbit hits you!
* * * LOW HITPOINT WARNING * * *
You slurp down every last drop of the potion of might!
You feel very mighty all of a sudden. Prince Ribbit hits you!
* * * LOW HITPOINT WARNING * * *
You barely miss Prince Ribbit.
Prince Ribbit is severely wounded.
You block Prince Ribbit's attack. Prince Ribbit hits you!
You die...

######..............##..#########
##..................#.......
##........<).####.....###..
#.........................
#.........####....##......
#..............#####.###..
##........###### #...#..
#........†# ###.... #.......F@#
####. #.........# #.. #.........#
#.. #.........# #.. ##.......##
#.. ##.....## #.. ####### ##. ##
#


You could see Prince Ribbit.

Vanquished Creatures
  Sigmund (D:2)
  A water moccasin (D:5)
  3 black bears
  An ogre (D:5)
  A bullfrog (D:5)
  A scorpion (D:5)
  A crimson imp (D:4)
  3 hounds (D:5)
  2 orc priests
  Crazy Yiuf (D:4)
  An iguana (D:5)
  Natasha (twice) (D:2)
  3 adders
  A shadow imp (D:5)
  2 ufetubi
  2 dart slugs (D:1)
  7 orcs
  6 endoplasms
  5 giant cockroaches
  6 goblins
  6 hobgoblins
  3 jackals (D:3)
  3 kobolds
  3 quokkas
  5 ball pythons
  A bat (D:2)
  3 frilled lizards
  2 goblin skeletons (D:4)
  A goblin zombie (D:4)
  A hobgoblin zombie (D:4)
  A kobold skeleton (D:4)
  3 kobold zombies (D:4)
  An orc skeleton (D:4)
  3 rats
86 creatures vanquished.

Notes
Turn   | Place    | Note
-------+----------+-------------------------------------------
     0 | D:1      | Pimp the Armataur Fighter began the quest for the Orb.
     0 | D:1      | Reached XP level 1. HP: 19/19 MP: 1/1
   112 | D:1      | Reached XP level 2. HP: 26/26 MP: 2/2
   572 | D:1      | Found a faded altar of an unknown god.
   849 | D:2      | Reached XP level 3. HP: 33/33 MP: 3/3
   948 | D:2      | Noticed Natasha
   959 | D:2      | Killed Natasha
  1078 | D:2      | Noticed Sigmund
  1083 | D:2      | Killed Sigmund
  1084 | D:2      | Reached skill level 5 in Armour
  1084 | D:2      | Reached XP level 4. HP: 34/42 MP: 4/4
  1084 | D:2      | Reached XP level 5. HP: 39/49 MP: 5/5
  1278 | D:2      | Noticed Natasha
  1290 | D:2      | Killed Natasha
  2051 | D:3      | Reached XP level 6. HP: 42/55 MP: 6/6
  2936 | D:4      | Found a shimmering altar of Xom.
  2961 | D:4      | Found Plog's Book Emporium.
  3070 | D:4      | Found a glowing golden altar of the Shining One.
  3152 | D:4      | Reached skill level 5 in Shields
  3163 | D:4      | Reached XP level 7. HP: 7/64 MP: 7/7
  3811 | D:4      | Found a staircase to the Ecumenical Temple.
  3837 | Temple   | Entered the Ecumenical Temple
  3844 | Temple   | Became a worshipper of Warmaster Okawaru
  4088 | D:4      | Found a runed translucent door.
  4089 | D:4      | Noticed Crazy Yiuf
  4461 | D:4      | Killed Crazy Yiuf
  4490 | D:5      | Entered Level 5 of the Dungeon
  4741 | D:5      | HP: 3/64 [water moccasin (6)]
  4750 | D:5      | Reached * piety under Okawaru
  4972 | D:5      | Reached skill level 5 in Fighting
  4972 | D:5      | Reached XP level 8. HP: 68/72 MP: 8/8
  5312 | D:6      | Noticed Prince Ribbit
  5489 | D:5      | Slain by Prince Ribbit

Illustrated notes

Levels and vault maps discovered:
D:1:      dpeg_arrival_short_road, layout_basic, ebering_ecumenical_altar_webs
D:2:      layout_basic, minmay_misc_feat_pillars, uniq_sigmund, uniq_natasha
D:3:      mumra_celtic_spiral_tile, layout_basic, kennysheep_orc_chapel
D:4:      layout_cave_pods, nicolae_tso_besieged_by_evil,
          mainiacjoe_overflow_catwalk, minmay_temple_entry_glassed_door,
          serial_shops, nicolae_shop_waterfront, chequers_serial_rivers_large_b,
          minivault_25, minmay_starry_boxes, uniq_crazy_yiuf_cottage
D:5:      layout_rooms
D:6:      layout_basic, uniq_prince_ribbit1, uniq_maggie
Temple:   nicolae_temple_no_exploring_needed

Skill      XL: |  1  2  3  4  5  6  7 |
---------------+----------------------+-----
Armour         | 4 5 6 |  6.8
Fighting       | 3 4 5 |  5.1
Axes           | 2 3 4 |  4.2
Shields        | 4 5 6 |  6.2

Action                     |  1- 3 |  4- 6 |  7- 9 || total
---------------------------+-------+-------+-------++-------
  Melee: War axe           |    85 |   115 |    99 ||   299
         Tailslap          |     9 |    14 |     8 ||    31
    Use: Potion            |       |     1 |     7 ||     8
         Scroll            |       |       |     8 ||     8
 Armour: Scale mail        |    47 |   100 |    94 ||   241
  Dodge: Dodged            |    23 |    47 |    59 ||   129
  Block: Buckler           |    14 |    38 |    29 ||    81

Table legend: (Time is in decaauts)
 A = Elapsed time spent in this place.
 B = Non-inter-level travel time spent in this place.
 C = Inter-level travel time spent in this place.
 D = Time resting spent in this place.
 E = Time spent auto-exploring this place.
 F = Levels seen in this place.
 G = Mean time per level.
                   A        B        C        D        E       F      G
               +--------+--------+--------+--------+--------+-----+--------+
         Total |   5620 |   5329 |    291 |   1088 |   3379 |   7 |  802.9 |
       Dungeon |   5603 |   5325 |    278 |   1088 |   3379 |   6 |  933.8 |
        Temple |     16 |      3 |     13 |      0 |      0 |   1 |   16.0 |
               +--------+--------+--------+--------+--------+-----+--------+

Top non-repeatable levels by time:
     D:4: 1599 daAuts
     D:3: 1256 daAuts
     D:5: 1015 daAuts
     D:2: 886 daAuts
     D:1: 833 daAuts
  Temple: 16 daAuts
     D:6: 12 daAuts
